Map: Dusk Towers

Players

ReiZulu

  • Race: Protoss Protoss
  • League: Silver

lesha - Winner!

  • Race: Terran Terran
  • League: Silver

VOD

Have the link to the VOD?

Description

Time

  • Played on: Dec. 19, 2015, 10:08 a.m.
  • Length: 14:40
Show
View Real Time Build Order
Export as new Build Order

ReiZulu Protoss 

Build Orders:  

Get SALT Encoding   

  12  0:55  Probe (Chrono Boost)  
  13  1:04  Pylon  
  13  1:05  Probe (Chrono Boost)  
  14  1:12  Assimilator  
  14  1:16  Probe (Chrono Boost)  
  15  1:21  Pylon  
  15  1:31  Gateway  
  15  1:37  Probe (Chrono Boost)  
  16  1:48  Probe (Chrono Boost)  
  16  1:49  Pylon  
  17  1:58  Assimilator  
  17  1:59  Probe (Chrono Boost)  
  18  2:09  Probe (Chrono Boost)  
  19  2:20  Probe (Chrono Boost)  
  20  2:32  Forge  
  20  2:36  Zealot  
  20  2:55  Pylon  
  19  3:10  Photon Cannon  
  19  3:24  Probe (Chrono Boost)  
  20  3:27  Photon Cannon  
  20  3:35  Probe (Chrono Boost), Photon Cannon  
  21  3:43  Photon Cannon  
  21  3:45  Probe (Chrono Boost)  
  22  3:56  Probe (Chrono Boost)  
  23  4:06  Probe (Chrono Boost)  
  23  4:09  Gateway  
  25  4:17  Probe (Chrono Boost)  
  24  4:46  Cybernetics Core  
  22  5:01  Zealot  
  22  5:06  Probe (Chrono Boost)  
  25  5:17  Probe (Chrono Boost)  
  25  5:20  Nexus  
  26  5:26  Assimilator  
  26  5:27  Probe (Chrono Boost)  
  27  5:32  Assimilator  
  27  5:38  Probe (Chrono Boost)  
  27  5:39  Stargate  
  26  5:45  Stalker  
  28  5:55  Mothership Core (Chrono Boost)  
  30  6:04  Warp Gate (Chrono Boost)  
  30  6:13  Probe (Chrono Boost)  
  31  6:25  Probe  
  32  6:28  Photon Cannon  
  32  6:37  Probe, Oracle  
  36  6:44  Probe (Chrono Boost), Stargate  
  37  6:49  Probe (Chrono Boost)  
  38  6:56  Probe (Chrono Boost)  
  40  7:02  Probe (Chrono Boost)  
  40  7:07  Probe (Chrono Boost)  
  41  7:09  Stalker  
  41  7:14  Probe (Chrono Boost)  
  44  7:17  Probe (Chrono Boost)  
  45  7:26  Phoenix  
  45  7:27  Probe (Chrono Boost)  
  45  7:28  Probe (Chrono Boost)  
  49  7:39  Probe (Chrono Boost), Oracle  
  53  7:57  Probe (Chrono Boost)  
  54  8:03  Pylon  
  54  8:09  Pylon  
  54  8:21  Probe (Chrono Boost)  
  55  8:27  Pylon  
  55  8:32  Probe (Chrono Boost)  
  56  8:34  Void Ray x2  
  64  8:42  Probe (Chrono Boost)  
  65  8:53  Probe (Chrono Boost)  
  66  9:18  Void Ray x2  
  74  9:32  Probe (Chrono Boost)  
  75  9:42  Probe (Chrono Boost)  
  76  10:29  Fleet Beacon  
  76  10:43  Nexus  
  69  11:32  Forge  
  40  11:52  Nexus  
  40  11:59  Pylon  
  30  12:02  Pylon  
  15  12:19  Photon Cannon  
  15  12:21  Photon Cannon  
  15  12:24  Photon Cannon  
  15  12:26  Photon Cannon  
  15  12:29  Photon Cannon  
  15  12:31  Photon Cannon  
  12  12:40  Forge  
  12  12:42  Probe (Chrono Boost)  
  9  12:53  Probe (Chrono Boost)  
  10  13:03  Photon Cannon  
  10  13:05  Photon Cannon  
  10  13:07  Pylon  
  9  13:13  Photon Cannon  
  9  13:30  Pylon  
  9  13:34  Pylon  
  8  13:35  Pylon  
  8  14:13  Nexus  
  8  14:19  Pylon  
Show
View Real Time Build Order
Export as new Build Order

lesha Terran - Winner!

Build Orders: Liberator Opening, Reaper Expand 

Get SALT Encoding   

  12  0:01  SCV  
  13  0:14  SCV  
  13  0:18  Supply Depot  
  14  0:27  SCV  
  15  0:40  SCV  
  15  0:41  Barracks  
  16  0:49  Refinery  
  16  0:52  SCV  
  17  1:04  SCV  
  18  1:16  SCV  
  19  1:33  Reaper  
  19  1:36  Command Center  
  21  1:42  Orbital Command  
  20  1:47  Refinery  
  20  1:54  Supply Depot  
  20  2:06  Marine  
  21  2:11  SCV  
  22  2:23  SCV  
  22  2:25  Factory, Marine  
  24  2:35  SCV  
  25  2:49  SCV x2  
  27  3:01  SCV x2  
  29  3:13  SCV x2  
  29  3:18  Starport  
  31  3:31  Orbital Command  
  31  3:32  SCV  
  32  3:37  Marine  
  32  3:40  Factory Reactor  
  33  3:44  SCV  
  33  3:48  Liberator  
  34  3:55  Marine  
  34  3:56  SCV, Barracks  
  34  3:59  Barracks  
  34  4:01  Supply Depot  
  36  4:03  Supply Depot  
  38  4:35  Marine  
  38  4:38  SCV  
  38  4:39  SCV  
  40  4:50  SCV  
  40  4:51  SCV  
  42  4:53  Marine  
  40  5:01  Marine x2  
  40  5:03  SCV x2  
  40  5:04  Widow Mine  
  40  5:05  Medivac  
  48  5:10  Marine  
  49  5:15  SCV x2  
  49  5:19  Marine x2  
  49  5:20  Bunker  
  53  5:25  Bunker  
  53  5:28  Marine  
  54  5:40  Refinery x2  
  54  5:44  Supply Depot  
  54  5:47  Supply Depot x3  
  54  6:06  SCV x2  
  54  6:08  Command Center  
  59  6:13  Barracks Reactor x2  
  59  6:18  SCV x2  
  58  6:25  Barracks Tech Lab  
  58  6:30  SCV x2  
  60  6:45  Barracks x3  
  60  6:49  Barracks  
  60  6:58  Marine x4  
  64  7:02  Marauder  
  64  7:03  Starport Reactor  
  66  7:10  Command Center  
  66  7:11  Command Center  
  66  7:12  Supply Depot  
  66  7:13  Supply Depot  
  66  7:15  Supply Depot  
  66  7:16  Marine x2  
  68  7:23  Stimpack, Engineering Bay, Marauder  
  68  7:26  Engineering Bay  
  68  7:29  Marine x2  
  71  7:34  Marine  
  73  7:38  Supply Depot x2  
  73  7:40  Supply Depot  
  73  7:43  Barracks Reactor  
  73  7:44  Barracks Reactor x2  
  73  7:45  Marine x2  
  73  7:48  Medivac x2  
  79  7:52  SCV x2  
  81  8:03  Orbital Command  
  81  8:07  SCV x2  
  81  8:10  Marine x5  
  88  8:18  Medivac x2  
  88  8:19  SCV x2  
  94  8:21  Marine x5  
  94  8:22  Marine  
  94  8:25  Terran Infantry Weapons Level 1, Terran Infantry Armor Level 1  
  100  8:28  Marine x4  
  100  8:32  Armory  
  104  8:40  SCV x4  
  108  8:41  SCV  
  104  8:52  SCV  
  92  9:03  Missile Turret  
  92  9:13  Missile Turret  
  92  9:15  Missile Turret  
  92  9:17  Missile Turret  
  92  9:19  Missile Turret, Marine x3  
  92  9:20  Marine x7  
  92  9:21  Marine  
  92  9:22  Medivac  
  92  9:23  Missile Turret  
  105  9:24  Combat Shields, Missile Turret  
  105  9:39  Missile Turret  
  105  9:42  SCV x2  
  105  9:43  SCV  
  105  9:45  Orbital Command x2  
  106  10:21  SCV x5  
  108  10:22  Missile Turret  
  108  10:26  Missile Turret  
  111  10:29  Marine x4  
  111  10:30  Marine x7  
  111  10:31  Marine x2  
  111  10:33  SCV x2  
  126  10:41  Terran Infantry Weapons Level 2  
  126  10:42  Terran Infantry Armor Level 2  
  126  10:45  Concussive Shells  
  115  11:22  Marine x6  
  115  11:23  Marine x6  
  121  11:40  Marine x2  
  121  11:46  Marine x3  
  121  11:47  Marine x5  
  131  12:06  Marine x7  
  131  12:07  Marine x5  
  143  12:23  Marine  
  143  12:24  Command Center, Marine x2  
  146  12:40  Marine x2  
  146  12:41  Marine x8  
  156  13:03  Supply Depot  
  156  13:05  Supply Depot  
  156  13:09  Marine  
  156  13:12  Marine  
  151  13:26  Supply Depot  
  149  13:30  Supply Depot  
  149  13:49  Supply Depot  
  138  14:09  Marine x6  
  134  14:10  Marine x2  
  138  14:27  Command Center  
Tags
 
Add a new tag
Caveats
  • Supply blocks, unpowered buildings, or Contaminate may cause inaccurate times.
  • Supply counts are checked every 10 seconds.